 Dungeon Crawl Stone Soup version 0.23.0-28-g6fe0f4d (webtiles) character file.

Game seed: 16319099822277724658

15218 Kairos the Cleaver (level 12, -1/63 HPs)
             Began as a Vine Stalker Fighter on Feb 25, 2019.
             Was a High Priest of Uskayaw.
             Slain by an ice dragon (3 damage)
             ... on level 10 of the Dungeon.
             The game lasted 00:19:46 (9505 turns).

Kairos the Cleaver (Vine Stalker Fighter)           Turns: 9505, Time: 00:19:48

Health: -1/63      AC: 17    Str: 29    XL:     12   Next: 24%
Magic:  0/13       EV: 16    Int:  8    God:    Uskayaw [*****.]
Gold:   1274       SH: 17    Dex: 23    Spells: 11/11 levels left

rFire    + . .     SeeInvis .   P - +4 hand axe (drain)
rCold    + . .     Gourm    .   c - +0 shield
rNeg     + . .     Faith    .   h - +0 chain mail
rPois    +         Spirit   +   Q - +2 hat {MR+}
rElec    +         Reflect  +   H - +2 cloak
rCorr    +         Harm     .   (no gloves)
MR       ++...                  l - +0 pair of boots
Stlth    ++........             e - +4 amulet of reflection
HPRegen  1.00/turn              I - +2 ring of dexterity
MPRegen  0.13/turn              K - ring of positive energy

@: mighty, agile, resistant
A: fangs 3, repulsion field 1, agile 1, regeneration 2, magic shield, antimagic
bite, no potion heal 3, rot immunity
a: Stomp, Line Pass, Grand Finale, Renounce Religion


You were on level 10 of the Dungeon.
You worshipped Uskayaw.
Uskayaw was noncommittal.
You were not hungry.

You visited 2 branches of the dungeon, and saw 11 of its levels.
You also visited: Sewer.

You collected 1274 gold pieces.

Inventory:

Hand Weapons
 a - a +3 war axe
 N - a +2 morningstar of protection
 P - a +4 hand axe of draining (weapon)
Missiles
 x - 6 tomahawks (quivered)
 M - 12 tomahawks of dispersal
 O - 3 throwing nets
Armour
 c - a +0 shield (worn)
 h - a +0 chain mail (worn)
 l - a +0 pair of boots (worn)
 H - a +2 cloak (worn)
 Q - a +2 hat of magic resistance (worn)
Jewellery
 e - a +4 amulet of reflection (around neck)
 k - an uncursed ring of resist corrosion
 q - an uncursed amulet of harm
 I - a +2 ring of dexterity (left hand)
 K - a ring of positive energy (right hand)
Wands
 n - a wand of enslavement (7)
 s - a wand of iceblast (19)
 t - a wand of disintegration (13)
 z - a wand of flame (23)
 C - a wand of paralysis (9)
 G - a wand of polymorph (16)
Scrolls
 o - a scroll of identify
 r - 5 scrolls of teleportation
 y - a scroll of immolation
 A - 2 scrolls of fog
 B - 2 scrolls of blinking
 D - 3 scrolls of noise
 E - 2 scrolls of torment
 J - a scroll of enchant armour {unknown}
 L - 3 scrolls of remove curse
 R - a scroll of random uselessness {unknown}
Potions
 d - a potion of might
 g - 5 potions of degeneration
 i - 2 potions of flight
 j - 2 potions of agility
 m - 5 potions of heal wounds {unknown}
 p - 7 potions of curing
 u - a potion of cancellation {unknown}
 v - 2 potions of haste {unknown}
 w - 2 potions of lignification {unknown}
 F - 2 potions of brilliance {unknown}
Comestibles
 f - 15 rations


   Skills:
 + Level 7.2 Fighting
 + Level 11.7 Axes
 + Level 6.7 Armour
 + Level 2.2 Dodging
 + Level 7.6 Stealth
 + Level 8.2 Shields


You had 11 spell levels left.
You didn't know any spells.
Your spell library contained the following spells:

 Spells                   Type           Power        Failure   Level  Hunger
 Confusing Touch          Hex            #.....       99%         1    ##.....
 Sandblast                Erth           #.....       99%         1    ##.....
 Passwall                 Tmut/Erth      #.......     100%        2    ###....
 Confuse                  Hex            #.......     100%        3    ####...
 Gell's Gravitas          Tloc           #.........   100%        3    ####...
 Stone Arrow              Conj/Erth      #.....       100%        3    ####...
 Petrify                  Tmut/Erth      #.......     100%        4    #####..
 Lee's Rapid Deconstruct  Erth           #.........   100%        5    ######.
 Metabolic Englaciation   Hex/Ice        #.........   100%        5    ######.
 Yara's Violent Unravell  Hex/Tmut       #.........   100%        5    ######.


Dungeon Overview and Level Annotations

Branches:
Dungeon (10/15)            Temple (1/1) D:6            Lair (0/6) D:10
    Orc (0/2) D:9

Altars:
Ashenzari
Cheibriados
Dithmenos
Elyvilon
Fedhas
Gozag
Hepliaklqana
Kikubaaqudgha
Makhleb
Nemelex Xobeh
Okawaru
Qazlal
Ru
Sif Muna
Trog
Uskayaw
Vehumet
Wu Jian
Xom
Yredelemnul
Zin
The Shining One

Shops:
D:7 !

Annotations:
D:6 1 runed translucent door, Lanoc's ghost, novice FoFi
D:10 1 runed translucent door


Innate Abilities, Weirdness & Mutations

You have razor-sharp teeth.
You heal very quickly.
When hurt, damage is shared between your health and your magic reserves.
Your bite disrupts and absorbs the magic of your enemies.
Potions cannot restore your health.
You are immune to rotting.
You are surrounded by a mild repulsion field. (EV +2)
You are agile. (Dex +2)


Message History

You hit the fire dragon but do no damage.
You drain the fire dragon.
The fire dragon is no longer sharing its pain.
The ice dragon is no longer sharing its pain.
The fire dragon is no longer sharing its pain.
You block the fire dragon's attack. x2; The fire dragon barely misses you.
The ice dragon closely misses you.
The ice dragon claws you but does no damage.
You block the ice dragon's attack. The fire dragon bites you!
* * * LOW HITPOINT WARNING * * *
The fire dragon claws you but does no damage.
The fire dragon misses you.
You hit the ice dragon but do no damage.
Your bite misses the ice dragon.
The ice dragon is almost dead.
You slash the fire dragon! You drain the fire dragon.
You closely miss the fire dragon. You block the fire dragon's attack.
The fire dragon claws you but does no damage.
You block the fire dragon's attack. The ice dragon bites you.
You die...

#.............................
#.............................
#.##..........................
#................##....###....
#....#########...##....# #....
#....#....#§§#...##....# #(...
#....#.⌠..#§§#...##....###....
#....#....####.............###
#....+...[..D@D###+####'####..
#.##.####...D#................
#.##.#≈≈#..⌠.#................
#.##.#≈≈#....#................
#.##.#########............##..
#.........................##..
#......+......................
#......#......................
#......#.....##.....##........


You could see 2 fire dragons and an ice dragon.

Vanquished Creatures
  Gastronok (D:8)
  Harold (D:8)
  An ice dragon (D:10)
  2 two-headed ogres (D:10)
  Erica (D:8)
  Pikel (D:7)
  A troll (D:9)
  2 hippogriffs (D:7)
  A shadow (D:10)
  A wraith (D:5)
  10 yaks (D:9)
  4 hogs (D:7)
  A human (D:7)
  A hungry ghost (D:7)
  Grum (D:8)
  A water moccasin (D:8)
  2 black bears (D:10)
  10 orc warriors
  A slave (D:7)
  2 ice beasts (D:8)
  2 sky beasts
  A necrophage (D:5)
  10 ogres
  4 wolves
  3 centaurs
  2 crocodiles
  5 big kobolds
  7 bullfrogs
  5 scorpions
  A wyvern skeleton (D:6)
  A water moccasin skeleton (D:9)
  2 vampire bats (D:2)
  3 howler monkeys
  2 crimson imps
  A bullfrog zombie (D:5)
  A quasit (D:9)
  3 hounds
  8 orc priests
  5 jellies
  22 orc wizards
  A bullfrog skeleton (D:5)
  A centaur skeleton (D:5)
  3 iguanas
  Jessica (D:3)
  2 worker ants
  A killer bee zombie (D:10)
  A hound zombie (D:8)
  A hound skeleton (D:7)
  2 worker ant zombies (D:8)
  Robin (D:2)
  11 gnolls
  A howler monkey skeleton (D:5)
  13 adders
  5 shadow imps
  2 adder zombies
  An adder skeleton (D:5)
  5 worms
  3 dart slugs (D:2)
  9 leopard geckos
  47 orcs
  4 ball pythons
  9 bats
  2 bat skeletons (D:2)
  3 bat zombies (D:2)
  8 giant cockroaches
  17 goblins
  8 hobgoblins
  3 quokkas
  10 frilled lizards
  27 kobolds
  7 rats
  A fungus (D:10)
343 creatures vanquished.

Vanquished Creatures (others)
  Prince Ribbit (D:7)
  A slave (D:7)
  A fungus (D:10)
  2 withered plants (D:6)
5 creatures vanquished.

Grand Total: 348 creatures vanquished

Notes
Turn   | Place    | Note
-------+----------+-------------------------------------------
     0 | D:1      | Kairos the Vine Stalker Fighter began the quest for the
                  | Orb.
     0 | D:1      | Reached XP level 1. HP: 11/11 MP: 2/2
    68 | D:1      | Reached skill level 2 in Axes
   101 | D:1      | Reached XP level 2. HP: 16/16 MP: 3/3
   448 | D:1      | Reached XP level 3. HP: 19/19 MP: 4/4
   820 | D:2      | Gained mutation: You are partially covered in icy blue
                  | scales. (AC +2) [potion of mutation]
   820 | D:2      | Gained mutation: You are dopey. (Int -2) [potion of
                  | mutation]
   820 | D:2      | Gained mutation: You are resistant to electric shocks.
                  | (rElec) [potion of mutation]
   926 | D:2      | Gained mutation: Your natural rate of healing is unusually
                  | fast. [Vine Stalker growth]
   926 | D:2      | Reached XP level 4. HP: 11/24 MP: 5/5
  1183 | D:2      | Reached skill level 3 in Axes
  1186 | D:2      | Reached XP level 5. HP: 28/28 MP: 6/6
  1355 | D:2      | Found an ancient bone altar of Kikubaaqudgha.
  1368 | D:2      | Reached XP level 6. HP: 32/32 MP: 7/7
  1405 | D:2      | Noticed Robin
  1414 | D:2      | Killed Robin
  1657 | D:3      | Found a bloodstained altar of Trog.
  1683 | D:3      | Reached skill level 4 in Axes
  1727 | D:3      | Noticed Jessica
  1732 | D:3      | Killed Jessica
  1844 | D:3      | Found a glowing drain.
  1857 | Sewer    | Entered a sewer
  1956 | Sewer    | Reached XP level 7. HP: 36/36 MP: 6/8
  2335 | D:3      | Found a glowing golden altar of the Shining One.
  2535 | D:4      | Found a glowing silver altar of Zin.
  2566 | D:4      | Reached skill level 1 in Dodging
  2689 | D:4      | Found a glowing golden altar of the Shining One.
  2702 | D:4      | Found a shattered altar of Ashenzari.
  2897 | D:4      | Reached skill level 5 in Axes
  3071 | D:5      | Entered Level 5 of the Dungeon
  3120 | D:5      | Lost mutation: You are dopey. (Int -2) [potion of mutation]
  3120 | D:5      | Lost mutation: You are resistant to electric shocks.
                  | (rElec) [potion of mutation]
  3120 | D:5      | Lost mutation: You are partially covered in icy blue
                  | scales. (AC +2) [potion of mutation]
  3120 | D:5      | Gained mutation: You are agile. (Dex +2) [potion of
                  | mutation]
  3120 | D:5      | Gained mutation: You are surrounded by a mild repulsion
                  | field. (EV +2) [potion of mutation]
  3151 | D:5      | Found a hazy altar of Hepliaklqana.
  3458 | D:5      | Gained mutation: You have razor-sharp teeth. [Vine Stalker
                  | growth]
  3458 | D:5      | Reached XP level 8. HP: 42/42 MP: 9/9
  3707 | D:5      | Found a transporter.
  3707 | D:5      | Found a transporter.
  3715 | D:5      | Noticed a wraith
  3726 | D:5      | Found an opulent altar of Gozag.
  4075 | D:5      | Reached skill level 6 in Axes
  4079 | D:5      | Reached skill level 5 in Shields
  4082 | D:5      | Killed a wraith
  4205 | D:6      | Found a staircase to the Ecumenical Temple.
  4222 | Temple   | Entered the Ecumenical Temple
  4541 | Temple   | Became a worshipper of Uskayaw the Reveler
  4590 | D:6      | Reached XP level 9. HP: 46/46 MP: 10/10
  4590 | D:6      | Reached * piety under Uskayaw
  4652 | D:6      | Reached skill level 7 in Axes
  4675 | D:6      | Reached skill level 5 in Fighting
  4696 | D:6      | Reached ** piety under Uskayaw
  4702 | D:6      | Reached *** piety under Uskayaw
  4704 | D:6      | Reached **** piety under Uskayaw
  4825 | D:6      | Reached skill level 1 in Stealth
  4989 | D:6      | Found a runed translucent door.
  4990 | D:6      | Noticed Lanoc's ghost (novice FoFi)
  5323 | D:6      | Found a stormy altar of Qazlal.
  5489 | D:7      | Reached skill level 8 in Axes
  5492 | D:7      | Reached ***** piety under Uskayaw
  5550 | D:7      | Reached XP level 10. HP: 53/53 MP: 11/11
  5611 | D:7      | Reached skill level 9 in Axes
  5645 | D:7      | Noticed Pikel
  5660 | D:7      | Killed Pikel
  5746 | D:7      | Found Waoggoxi's Distillery.
  5792 | D:7      | Noticed Prince Ribbit
  5836 | D:7      | Killed Prince Ribbit
  5971 | D:7      | Reached skill level 5 in Armour
  6006 | D:7      | Found a snail-covered altar of Cheibriados.
  6006 | D:7      | Found a radiant altar of Vehumet.
  6113 | D:8      | Noticed Grum
  6385 | D:8      | Killed Grum
  6577 | D:8      | Noticed Erica
  6580 | D:8      | Reached skill level 10 in Axes
  6596 | D:8      | Killed Erica
  6614 | D:8      | Noticed Harold
  6626 | D:8      | Killed Harold
  6626 | D:8      | Reached XP level 11. HP: 50/58 MP: 12/12
  6742 | D:8      | Noticed Gastronok
  6761 | D:8      | Killed Gastronok
  6761 | D:8      | Reached skill level 5 in Stealth
  7253 | D:8      | Reached skill level 11 in Axes
  7865 | D:9      | Reached ****** piety under Uskayaw
  7879 | D:9      | Found an iron altar of Okawaru.
  7992 | D:9      | Found a staircase to the Orcish Mines.
  8581 | D:10     | Entered Level 10 of the Dungeon
  8644 | D:10     | Noticed a two-headed ogre
  8654 | D:10     | Killed a two-headed ogre
  8654 | D:10     | Gained mutation: You heal very quickly. [Vine Stalker
                  | growth]
  8654 | D:10     | Reached XP level 12. HP: 41/63 MP: 13/13
  8914 | D:10     | Noticed a two-headed ogre
  8924 | D:10     | Killed a two-headed ogre
  9018 | D:10     | Noticed an ice dragon
  9018 | D:10     | Noticed a fire dragon
  9019 | D:10     | Found a runed translucent door.
  9019 | D:10     | Noticed an ice dragon
  9020 | D:10     | Found the +2 shield of Resistance {rF+ rC+ MR+}
  9020 | D:10     | Noticed a fire dragon
  9024 | D:10     | Found a runed translucent door.
  9098 | D:10     | Found a white marble altar of Elyvilon.
  9195 | D:10     | Found a staircase to the Lair.
  9497 | D:10     | Killed an ice dragon
  9504 | D:10     | HP: 1/63 [fire dragon (6)]
  9505 | D:10     | Slain by an ice dragon

Skill      XL: |  1  2  3  4  5  6  7  8  9 10 11 12 |
---------------+-------------------------------------+-----
Axes           | 2 3 4 5 6 8 10 11 | 11.7
Fighting       | 3 4 5 6 7 |  7.2
Shields        | 3 4 5 6 7 8 |  8.2
Armour         | 3 4 5 6 |  6.7
Dodging        | 1 2 |  2.2
Stealth        | 3 4 7 |  7.6

Action                   |  1- 3 |  4- 6 |  7- 9 | 10-12 || total
-------------------------+-------+-------+-------+-------++-------
Melee: War axe           |    83 |   214 |   250 |   141 ||   688
       Bite              |    15 |    53 |    78 |   185 ||   331
       Hand axe          |       |       |       |   295 ||   295
  Use: Potion            |     2 |       |     1 |     4 ||     7
       Scroll            |       |     5 |     3 |     7 ||    15
 Stab: Paralysed         |       |       |     8 |    29 ||    37
  Eat: Chunk             |       |     4 |       |     6 ||    10
       Ration            |       |       |     4 |     2 ||     6
Armor: Scale mail        |    31 |       |       |       ||    31
       Chain mail        |       |   113 |    84 |   106 ||   303
Dodge: Dodged            |    33 |    52 |    45 |    94 ||   224
Block: Shield            |    53 |   194 |   212 |   277 ||   736
       Reflection        |     1 |     3 |     3 |    14 ||    21
